 Dungeon Crawl Stone Soup version 0.29-a0-512-gf59ac788ac (webtiles) character file.

Game seed: 15473145209706390421

2107 benadryl the Fighter (level 9, -26/78 HPs)
             Began as a Merfolk Brigand on May 29, 2022.
             Was a Priest of Uskayaw.
             Killed by the air
             ... invoked by Gastronok
              (32 damage)
             ... on level 8 of the Dungeon.
             The game lasted 00:20:06 (8785 turns).

benadryl the Fighter (Merfolk Brigand)              Turns: 8785, Time: 00:20:06

Health: -26/78     AC: 11    Str: 15    XL:     9   Next: 28%
Magic:  20/20      EV: 25    Int: 11    God:    Uskayaw [***...]
Gold:   35         SH:  8    Dex: 15    Spells: 8/8 levels left

rFire   . . .      SeeInvis +   a - +2 short sword "Fuetz" {flame, Will++}
rCold   + + +      Faith    .   r - +0 kite shield
rNeg    . . .      Spirit   .   y - +4 skin of Zhor {*Englaciate rC+++ SInv}
rPois   +          Reflect  .   (no helmet)
rElec   .          Harm     .   c - +1 cloak
rCorr   .          Rampage  .   o - +0 pair of gloves
Will    ++...                   p - +1 pair of boots
Stlth   ++++......              u - amulet of the acrobat
HPRegen 0.23/turn               w - ring of poison resistance
MPRegen 0.17/turn               D - ring of magical power

@: acrobatic
A: (nimble swimmer 2), mertail
a: Renounce Religion, Stomp, Line Pass


You were on level 8 of the Dungeon.
You worshipped Uskayaw.
Uskayaw was noncommittal.
You visited 2 branches of the dungeon, and saw 9 of its levels.

You collected 1298 gold pieces.
You spent 1263 gold pieces at shops.

Inventory:

Hand Weapons
 a - the +2 short sword "Fuetz" (weapon) {flame, Will++}
   (You found it on level 3 of the Dungeon)

   It burns those it strikes, dealing additional fire damage.
   Will:      It greatly increases your willpower.
 b - a +0 hunting sling
 f - a +3 dagger
Missiles
 d - 20 poisoned darts (quivered)
 e - 3 curare-tipped darts
 h - a throwing net
 n - 6 silver javelins
 G - 3 atropa-tipped darts
 H - 9 boomerangs
Armour
 c - a +1 cloak (worn)
 o - a +0 pair of gloves (worn)
 p - a +1 pair of boots (worn)
 q - a +0 scale mail
 r - a +0 kite shield (worn)
 y - the +4 skin of Zhor (worn) {*Englaciate rC+++ SInv}
   (You bought it in a shop on level 5 of the Dungeon)

   It radiates cold, occasionally slowing all nearby creatures who are not
   resistant to cold.
   rC:        It renders you almost immune to cold.
   SInv:      It lets you see invisible.
Jewellery
 m - a ring of ice
 u - an amulet of the acrobat (around neck)
 w - a ring of poison resistance (left hand)
 D - a ring of magical power (right hand)
Scrolls
 i - 2 scrolls of blinking
 j - a scroll of magic mapping
 t - 2 scrolls of noise
 E - 3 scrolls of teleportation
Potions
 g - a potion of cancellation {unknown}
 k - 2 potions of attraction
 l - 2 potions of resistance
 s - a potion of haste {unknown}
 v - a potion of degeneration {unknown}
 x - 3 potions of brilliance
 A - a potion of magic {unknown}
 B - 4 potions of lignification
 C - 2 potions of curing {unknown}
 F - a potion of berserk rage
Miscellaneous
 z - a piece from Xom's chessboard (15/15)


   Skills:
 + Level 9.7 Fighting
 + Level 3.3 Short Blades
 - Level 3.5 Throwing
 - Level 1.3 Dodging
 * Level 8.9 Stealth
 + Level 1.4 Shields
 + Level 3.2 Invocations


You had 8 spell levels left.
You didn't know any spells.
Your spell library contained the following spells:

 Spells                   Type           Power      Damage    Failure   Level
 Scorch                   Fire           0%         2d5       87%         2
 Flame Wave               Conj/Fire      0%         2d4       100%        4
 Summon Cactus Giant      Summ           0%         N/A       100%        6


Dungeon Overview and Level Annotations

Branches:
Dungeon (8/15)             Temple (1/1) D:6
   Lair: D:8-11

Altars:
Ashenzari
Elyvilon
Fedhas
Gozag
Hepliaklqana
Makhleb
Nemelex Xobeh
Okawaru
Qazlal
Ru
Sif Muna
Trog
Uskayaw
Vehumet
Wu Jian
Xom
Yredelemnul
Zin
The Shining One

Shops:
D:5 *

Annotations:
D:8 Gastronok, Grum


Innate Abilities, Weirdness & Mutations

((You are very nimble when in or above water. (Stealth+, EV+, Speed+++)))
Your lower body shifts to a powerful aquatic tail in water.


Message History

Gastronok bites you but does no damage.
Throw: 21 darts (poison)
Press: ? - help, Q - select action, (/) - cycle Shift-Dir - straight line, f/p - Gastronok
Aim: Gastronok, wearing a +2 hat (moderately wounded, poisoned, 94% to hit)
You throw a poisoned dart. The poisoned dart hits Gastronok!
Gastronok looks even sicker.
Gastronok is moderately wounded.
You hit Gastronok but do no damage.
Gastronok is moderately wounded.
You radiate an aura of cold.
Gastronok resists.
Gastronok bites you!
You hit Gastronok. You burn Gastronok.
Gastronok is heavily wounded.
You block Gastronok's attack.
You hit Gastronok but do no damage.
Gastronok is heavily wounded.
You puncture Gastronok! You burn Gastronok.
Gastronok is heavily wounded.
You radiate an aura of cold.
Gastronok resists.
Gastronok waves his eye-stalks in wide circles.
The air twists around and strikes you!!
Uskayaw will force your foes to helplessly watch your dance.
Uskayaw prepares the audience for your solo!
The helpless Gastronok fails to defend himself.
You impale Gastronok!! You burn Gastronok!
Gastronok is almost dead.
Gastronok is no longer paralysed.
You hit Gastronok but do no damage.
Gastronok is almost dead.
Gastronok's eyestalks quiver as he mumbles some strange words.
Gastronok puts on a burst of speed!
You hit Gastronok but do no damage.
Gastronok is almost dead.
You hit Gastronok but do no damage.
Gastronok is almost dead.
Gastronok bites you!!
* * * LOW HITPOINT WARNING * * *
You radiate an aura of cold.
Gastronok resists.
Gastronok waves his eye-stalks in wide circles.
The air twists around and strikes you!!
You die...

.....o.# #.##
######.# #..# ###
#####.# #.....#
#.##### ####### #<#
g.[...###### ##.#
####.......######..#
######...(.#@.##
#####w..## #####


You could see Gastronok (swift, poisoned).

Vanquished Creatures
  Sigmund (D:2)
  A steam dragon (D:8)
  A water moccasin (D:6)
  A black bear (D:7)
  A sky beast (D:8)
  An ogre (D:5)
  A wolf (D:8)
  2 gnoll sergeants
  4 bullfrogs
  3 scorpions
  A necrophage (D:4)
  4 killer bees
  4 jellies
  An orc priest (D:3)
  Jessica (D:2)
  2 iguanas
  2 orc wizards
  7 gnolls
  5 adders
  A shadow imp (D:6)
  3 white imps
  3 ufetubi
  2 worms
  A dart slug (D:1)
  16 orcs
  6 ball pythons
  9 bats
  8 endoplasms
  3 giant cockroaches
  11 goblins
  7 hobgoblins
  3 jackals (D:4)
  3 quokkas
  A frilled lizard (D:1)
  10 kobolds
  3 rats
133 creatures vanquished.

Notes
Turn   | Place    | Note
-------+----------+-------------------------------------------
     0 | D:1      | benadryl the Merfolk Brigand began the quest for the Orb.
     0 | D:1      | Reached XP level 1. HP: 16/16 MP: 1/1
    40 | D:1      | Reached skill level 3 in Fighting
    40 | D:1      | Reached XP level 2. HP: 24/24 MP: 2/2
   670 | D:1      | Reached XP level 3. HP: 23/30 MP: 3/3
   741 | D:1      | Reached skill level 4 in Fighting
  1317 | D:2      | Noticed Sigmund
  1335 | D:2      | Noticed Jessica
  1342 | D:2      | Killed Jessica
  1343 | D:2      | Reached XP level 4. HP: 38/38 MP: 4/4
  1380 | D:2      | Killed Sigmund
  1381 | D:2      | Reached skill level 6 in Fighting
  1381 | D:2      | Reached XP level 5. HP: 47/47 MP: 5/5
  1381 | D:2      | Reached XP level 6. HP: 53/53 MP: 6/6
  2067 | D:2      | Reached skill level 7 in Fighting
  2165 | D:3      | Identified the +2 short sword "Fuetz" {flame, Will++}
  2369 | D:3      | Found a shimmering altar of Xom.
  2369 | D:3      | Found a stormy altar of Qazlal.
  3023 | D:4      | Reached XP level 7. HP: 45/61 MP: 7/7
  3429 | D:5      | Entered Level 5 of the Dungeon
  3498 | D:5      | Reached skill level 8 in Fighting
  3784 | D:5      | Found Codyucsolyz's Assorted Antiques.
  4255 | D:6      | Identified a scroll of acquirement
  4255 | D:6      | Acquired 753 gold pieces
  4484 | D:6      | Reached skill level 5 in Stealth
  4642 | D:6      | Identified the +1 robe of Sif Muna's Wrath {rCorr Str+6}
  4721 | D:6      | Reached XP level 8. HP: 23/69 MP: 8/8
  4935 | D:6      | HP: 3/70 [acid (8)]
  5352 | D:6      | Found a broken altar of Ashenzari.
  5378 | D:6      | Reached skill level 9 in Fighting
  5728 | D:6      | Found a staircase to the Ecumenical Temple.
  5735 | Temple   | Entered the Ecumenical Temple
  5744 | Temple   | Became a worshipper of Uskayaw the Reveller
  6035 | D:7      | Reached * piety under Uskayaw
  6051 | D:7      | Reached skill level 1 in Invocations
  6078 | D:7      | Reached ** piety under Uskayaw
  7175 | D:6      | Reached *** piety under Uskayaw
  7747 | D:7      | Reached XP level 9. HP: 40/77 MP: 10/10
  7982 | D:8      | Noticed a centaur warrior
  8083 | D:5      | Bought the +4 skin of Zhor {*Englaciate rC+++ SInv} for
                  | 1263 gold pieces
  8083 | D:5      | Found the +4 skin of Zhor {*Englaciate rC+++ SInv}
  8193 | D:8      | Found an iron altar of Okawaru.
  8403 | D:8      | Reached skill level 1 in Shields
  8716 | D:8      | Noticed Gastronok
  8719 | D:8      | Noticed Grum
  8785 | D:8      | Killed from afar by Gastronok

Illustrated notes

Levels and vault maps discovered:
D:1:      kennysheep_arrival_forest, layout_loops_ring, minmay_box_of_dots
D:2:      layout_loops_cross, dk_noncrumbling_3, minmay_close_crescents,
          uniq_jessica, uniq_sigmund
D:3:      layout_basic, chequers_temple_overflow_statue_of_worship
D:4:      layout_rooms
D:5:      layout_loops_cross, serial_shops, shop_coins, supply_closet_lemuel
D:6:      layout_layer_cave, mainiacjoe_overflow_tiny_flanked,
          minmay_temple_entry_hall, hellmonk_bongcloud_opening
D:7:      layout_basic
D:8:      minmay_clustersquares, layout_rooms, lemuel_doored_altar,
          ebering_ghost_reflecting_pool, uniq_gastronok, uniq_grum,
          uniq_prince_ribbit1
Temple:   lightli_temple_of_artemis

Skill      XL: |  1  2  3  4  5  6  7  8  9 |
---------------+----------------------------+-----
Fighting       | 3 4 6 7 8 9 |  9.7
Throwing       | 3 |  3.5
Stealth        | 5 8 |  8.9
Invocations    | 2 3 |  3.2
Short Blades   | 3 |  3.3
Shields        | 1 |  1.4
Dodging        | |  1.3

Action                   |  1- 3 |  4- 6 |  7- 9 || total
-------------------------+-------+-------+-------++-------
Melee: Dagger            |    53 |    45 |       ||    98
       Punch             |     1 |     2 |     3 ||     6
       Short sword       |       |    82 |   305 ||   387
 Fire: Hunting sling     |    40 |     9 |    39 ||    88
Throw: Dart              |     3 |     3 |    39 ||    45
       Throwing net      |       |       |     1 ||     1
Evoke: Wand              |       |       |     3 ||     3
  Use: Scroll            |       |     3 |    16 ||    19
       Potion            |       |       |     5 ||     5
 Stab: Sleeping          |     4 |     3 |       ||     7
       Distracted        |       |     1 |       ||     1
       Paralysed         |       |       |     2 ||     2
Armor: Robe              |    20 |       |       ||    20
       Scale mail        |     2 |    60 |   117 ||   179
       Animal skin       |       |       |    28 ||    28
Dodge: Dodged            |    39 |    67 |   195 ||   301
Block: Kite shield       |       |       |    42 ||    42

Table legend: (Time is in decaauts)
 A = Elapsed time spent in this place.
 B = Non-inter-level travel time spent in this place.
 C = Inter-level travel time spent in this place.
 D = Time resting spent in this place.
 E = Time spent auto-exploring this place.
 F = Levels seen in this place.
 G = Mean time per level.
                   A        B        C        D        E       F      G
               +--------+--------+--------+--------+--------+-----+--------+
         Total |   8824 |   8341 |    483 |   2431 |   4315 |   9 |  980.4 |
       Dungeon |   8796 |   8326 |    470 |   2431 |   4312 |   8 | 1099.5 |
        Temple |     27 |     14 |     13 |      0 |      3 |   1 |   27.0 |
               +--------+--------+--------+--------+--------+-----+--------+

Top non-repeatable levels by time:
     D:6: 2229 daAuts
     D:7: 1491 daAuts
     D:2: 1124 daAuts
     D:1: 1026 daAuts
     D:5: 849 daAuts
     D:8: 792 daAuts
     D:4: 725 daAuts
     D:3: 557 daAuts
  Temple: 27 daAuts
